[Event "ICC tourney 2809 (40 10)"]
[Site "Internet Chess Club"]
[Date "2022.01.29"]
[Round "1"]
[White "SILVESTRE, ROMULO:visionaryman"]
[Black "WIENER, JACK:jackwiener"]
[Result "1-0"]
[ICCResult "Black resigns"]
[WhiteElo "1802"]
[BlackElo "1553"]
[Opening "Modern defense"]
[ECO "A40"]
[NIC "QO.17"]
[Time "11:01:16"]
[PlyCount "43"]
[TimeControl "2400+10"]

1. d4 g6 2. Bf4 Bg7 3. e3 d6 4. Be2 Nf6 5. Nd2 O-O 6. h4 Nc6 7. h5 Bf5 8. c3
e5 9. Bh2 exd4 10. cxd4 Nb4 11. Kf1 Bd3 12. hxg6 fxg6 13. Qb3+ Nbd5 14. Bxd3
Kh8 15. Ngf3 Ng4 16. Qxd5 c6 17. Qxd6 Nxh2+ 18. Qxh2 h6 19. Bxg6 Qf6 20. Bd3
Rad8 21. Qh4 Qd6 22. Qe4 {Black resigns} 1-0

[Event "ICC tourney 2809 (40 10)"]
[Site "Internet Chess Club"]
[Date "2022.01.29"]
[Round "1"]
[White "JACKSON, MASSIMO MATEO:Yeetamus123"]
[Black "SHOOR, RAJESH:shoorrk"]
[Result "1/2-1/2"]
[ICCResult "Game drawn by repetition"]
[WhiteElo "1093"]
[BlackElo "1631"]
[Opening "Sicilian: closed"]
[ECO "B23"]
[NIC "SI.44"]
[Time "11:01:37"]
[PlyCount "45"]
[TimeControl "2400+10"]

1. e4 c5 2. Nc3 g6 3. f4 Bg7 4. Nf3 Nc6 5. Bc4 e6 6. O-O Nge7 7. e5 d5 8.
Bb5 a6 9. Bxc6+ Nxc6 10. d4 cxd4 11. Nxd4 Qb6 12. Be3 Qxb2 13. Na4 Qb4 14.
c3 Qa5 15. Nxc6 bxc6 16. Bb6 Qb5 17. Rb1 Qc4 18. Rb4 Qxa2 19. Rb2 Qc4 20.
Rb4 Qa2 21. Rb2 Qc4 22. Rb4 Qa2 23. Rb2 {Game drawn by repetition} 1/2-1/2

[Event "ICC tourney 2809 (40 10)"]
[Site "Internet Chess Club"]
[Date "2022.01.29"]
[Round "1"]
[White "Zilbermintz, Lev:chessrex"]
[Black "YAO, HONGZE:Easonyao"]
[Result "1-0"]
[ICCResult "Black checkmated"]
[WhiteElo "1708"]
[BlackElo "1392"]
[Opening "Paleface attack"]
[ECO "A45"]
[NIC "QP.07"]
[Time "11:05:06"]
[PlyCount "39"]
[TimeControl "2400+10"]

1. d4 Nf6 2. f3 e6 3. e4 b6 4. Bd3 Bb7 5. Qe2 Be7 6. Nh3 O-O 7. O-O c5 8. c3
d5 9. e5 Nfd7 10. f4 Nc6 11. Be3 cxd4 12. Bxd4 Nc5 13. Bxc5 Bxc5+ 14. Kh1 d4
15. Bxh7+ Kxh7 16. Qh5+ Kg8 17. Ng5 Re8 18. Qxf7+ Kh8 19. Rf3 Nxe5 20. Rh3#
{Black checkmated}
1-0

[Event "ICC tourney 2809 (40 10)"]
[Site "Internet Chess Club"]
[Date "2022.01.29"]
[Round "1"]
[White "Saxena, Ansh:Anshs101"]
[Black "Elkon, Alex N:Sprinless"]
[Result "1/2-1/2"]
[ICCResult "Game drawn by mutual agreement"]
[WhiteElo "1301"]
[BlackElo "1681"]
[Opening "Grünfeld: 5.Bg5"]
[ECO "D91"]
[NIC "GI.08"]
[Time "11:00:57"]
[PlyCount "87"]
[TimeControl "2400+10"]

1. d4 Nf6 2. c4 g6 3. Nc3 d5 4. Nf3 Bg7 5. Bg5 Ne4 6. e3 Nxc3 7. bxc3 c5 8.
Rc1 Nc6 9. dxc5 Qa5 10. Qb3 Qxc5 11. cxd5 Ne5 12. Nxe5 Bxe5 13. Qb5+ Qxb5
14. Bxb5+ Bd7 15. Bxd7+ Kxd7 16. O-O Rac8 17. c4 Rc5 18. f4 Bg7 19. f5 h6
20. f6 Bf8 21. fxe7 Bxe7 22. Bxe7 Kxe7 23. Rf4 Rhc8 24. Rcf1 f5 25. e4 Rxc4
26. exf5 Rxf4 27. Rxf4 gxf5 28. Rxf5 Rc1+ 29. Rf1 Rxf1+ 30. Kxf1 Kd6 31. Ke2
b5 32. Kd3 Kxd5 33. g4 Ke5 34. h4 Kf4 35. g5 hxg5 36. hxg5 Kxg5 37. Kc3 a5
38. Kd4 Kf6 39. Kc5 b4 40. Kb5 Ke6 41. Kxa5 Kd6 42. Kxb4 Kc7 43. Ka5 Kb7 44.
a4 {Game drawn by mutual agreement} 1/2-1/2

[Event "ICC tourney 2809 (40 10)"]
[Site "Internet Chess Club"]
[Date "2022.01.29"]
[Round "1"]
[White "SLAGLE, JIM:Jim1108"]
[Black "Manley, Nicholas:NickManley1987"]
[Result "1-0"]
[ICCResult "Black resigns"]
[WhiteElo "1664"]
[BlackElo "1270"]
[Opening "Polish (Sokolsky) opening"]
[ECO "A00"]
[NIC "VO.10"]
[Time "11:00:48"]
[PlyCount "45"]
[TimeControl "2400+10"]

1. b4 e5 2. Bb2 Nc6 3. b5 Nd4 4. e3 Nf5 5. Bxe5 d6 6. Bb2 Nf6 7. c4 d5 8.
cxd5 Qxd5 9. Nc3 Qd8 10. Nf3 Nd6 11. Be2 Bd7 12. O-O Be7 13. Ne5 Be6 14. d4
Nd5 15. a4 O-O 16. Bf3 Nxc3 17. Bxc3 Bf6 18. Nd3 Bc4 19. Re1 Re8 20. Nc5 Rb8
21. e4 b6 22. Na6 Rc8 23. e5 {Black resigns} 1-0

[Event "ICC tourney 2809 (40 10)"]
[Site "Internet Chess Club"]
[Date "2022.01.29"]
[Round "1"]
[White "EKSTROM, ROLAND GABRIEL:EkstromVT2"]
[Black "WU, JONATHAN:qwerty9078"]
[Result "0-1"]
[ICCResult "White resigns"]
[WhiteElo "1426"]
[BlackElo "1750"]
[Opening "Grünfeld with Bf4 & e3"]
[ECO "D93"]
[NIC "GI.07"]
[Time "11:00:43"]
[PlyCount "74"]
[TimeControl "2400+10"]

1. d4 Nf6 2. c4 g6 3. Nc3 d5 4. Nf3 Bg7 5. Bf4 O-O 6. e3 c5 7. Be2 cxd4 8.
Nxd4 Nc6 9. Ndb5 e5 10. Bg5 d4 11. exd4 exd4 12. Nd5 Be6 13. Nxd4 Bxd5 14.
cxd5 Qa5+ 15. Bd2 Qxd5 16. Nxc6 Qxc6 17. O-O Rfd8 18. Bf3 Qb5 19. Qc2 Rac8
20. Bc3 Nd5 21. Bxd5 Rxd5 22. a4 Qc6 23. Qb3 Bxc3 24. bxc3 Rc5 25. Rac1 b6
26. Rfe1 Rxc3 27. Rxc3 Qxc3 28. Qd1 Kg7 29. h3 Rd8 30. Qe2 Rd2 31. Qe7 Qd4
32. Re2 Qd6 33. Qe3 Rd3 34. Qe4 Rd4 35. Qe3 Rxa4 36. Qc3+ Qd4 37. Qc7 Qd1+
{White resigns}
0-1

[Event "ICC tourney 2809 (40 10)"]
[Site "Internet Chess Club"]
[Date "2022.01.29"]
[Round "1"]
[White "DHURJATI, ANAGHA:amdink"]
[Black "Doan Giang, Nguyen Doan:Doctorstrange04"]
[Result "0-1"]
[ICCResult "White checkmated"]
[WhiteElo "1463"]
[BlackElo "1773"]
[Opening "Sicilian: accelerated fianchetto, modern variation with Bc4"]
[ECO "B35"]
[NIC "SI.33"]
[Time "11:00:54"]
[PlyCount "188"]
[TimeControl "2400+10"]

1. e4 c5 2. Nf3 Nc6 3. d4 cxd4 4. Nxd4 g6 5. Nc3 Bg7 6. Be3 Nf6 7. Bc4 O-O
8. O-O Nxe4 9. Nxe4 d5 10. Nxc6 bxc6 11. Bxd5 cxd5 12. Nc5 Bxb2 13. Bh6 Bg7
14. Bxg7 Kxg7 15. Qd4+ Kg8 16. c4 dxc4 17. Qxc4 Bf5 18. Rfd1 Qc7 19. Rac1
Rac8 20. h3 h5 21. Qa4 Qb6 22. Nd7 Bxd7 23. Qxd7 Rxc1 24. Rxc1 Qb2 25. Rd1
Qa3 26. Re1 e6 27. Qd4 a5 28. Qd2 Rc8 29. Rb1 a4 30. Kf1 Qc5 31. Kg1 Qc2 32.
Qb4 Qxa2 33. Qb7 Rd8 34. Rc1 Qd2 35. Ra1 Qc2 36. Qf3 Qb3 37. Qxb3 axb3 38.
Rb1 Rd3 39. Rb2 Rc3 40. Kf1 Kg7 41. Ke2 Kf6 42. Kd2 Rc2+ 43. Rxc2 bxc2 44.
Kxc2 Ke5 45. Kd3 Kf4 46. Kd4 g5 47. Kd3 g4 48. hxg4 hxg4 49. Kd4 f5 50. Kd3
e5 51. Ke2 Ke4 52. Kd2 f4 53. Ke2 Kf5 54. Kd3 e4+ 55. Ke2 Kg5 56. Kd2 Kh4
57. Ke2 Kg5 58. f3 gxf3+ 59. gxf3 e3 60. Kf1 Kf5 61. Ke2 Ke5 62. Kd3 Kd5 63.
Kc3 Kc5 64. Kd3 Kb4 65. Ke2 Kc3 66. Ke1 Kc4 67. Ke2 Kd4 68. Ke1 Kc3 69. Ke2
Kc2 70. Ke1 Kd3 71. Kd1 Kd4 72. Ke2 Ke5 73. Kd3 Kf5 74. Ke2 Kg5 75. Kf1 Kh5
76. Kg1 Kh4 77. Kg2 e2 78. Kf2 e1=Q+ 79. Kxe1 Kg3 80. Ke2 Kg2 81. Ke1 Kxf3
82. Kf1 Ke3 83. Ke1 f3 84. Kf1 f2 85. Kg2 Ke2 86. Kg3 f1=Q 87. Kg4 Ke3 88.
Kg5 Qf4+ 89. Kg6 Ke4 90. Kg7 Qf5 91. Kh6 Qg4 92. Kh7 Kf5 93. Kh8 Kf6 94. Kh7
Qg7# {White checkmated} 0-1

[Event "ICC tourney 2809 (40 10)"]
[Site "Internet Chess Club"]
[Date "2022.01.29"]
[Round "1"]
[White "ROMSAK, JASON:ZeroChillz"]
[Black "OPASKA, MICHAEL:mopaska1106"]
[Result "1-0"]
[ICCResult "Black resigns"]
[WhiteElo "1601"]
[BlackElo "1873"]
[Opening "Sicilian defense"]
[ECO "B30"]
[NIC "SI.31"]
[Time "11:01:37"]
[PlyCount "133"]
[TimeControl "2400+10"]

1. e4 c5 2. Nf3 Nc6 3. Nc3 d6 4. d3 g6 5. Be3 Bg7 6. Qd2 Nf6 7. Bh6 O-O 8.
O-O-O Rb8 9. Bxg7 Kxg7 10. d4 cxd4 11. Nxd4 Bd7 12. h4 h5 13. f3 Ne5 14. Be2
Qa5 15. Nb3 Qb4 16. f4 Nc6 17. a3 Qb6 18. Nd5 Qf2 19. Nxf6 exf6 20. Bf3
Qxd2+ 21. Rxd2 Be6 22. Nd4 Nxd4 23. Rxd4 Rfd8 24. Rhd1 Rd7 25. Rxd6 Rbd8 26.
Rxd7 Rxd7 27. Rxd7 Bxd7 28. c4 Kf8 29. Kc2 Ke7 30. Kc3 b6 31. Kd4 Kd6 32. b4
Ba4 33. g4 hxg4 34. Bxg4 Bc2 35. f5 Ba4 36. h5 gxh5 37. Bxh5 Be8 38. b5 Bd7
39. Bxf7 Bc8 40. Bd5 Bd7 41. a4 Be8 42. a5 Bh5 43. axb6 axb6 44. e5+ fxe5+
45. Ke4 Bd1 46. f6 Bc2+ 47. Kf3 Bd3 48. Kg4 Kd7 49. f7 Ke7 50. Kf3 Bf5 51.
c5 bxc5 52. b6 Bc8 53. Ke4 Ba6 54. Kxe5 Bc8 55. Ke4 Ba6 56. Ke3 Kf8 57. Kd2
Ke7 58. Kc3 Kf8 59. Kb3 Ke7 60. Ka4 Kf8 61. Ka5 Bc8 62. Kb5 Ke7 63. Kxc5 Ba6
64. Kc6 Kf8 65. Kc7 Ke7 66. b7 Bxb7 67. Kxb7 {Black resigns} 1-0

[Event "ICC tourney 2809 (40 10)"]
[Site "Internet Chess Club"]
[Date "2022.01.29"]
[Round "1"]
[White "MAZUMDAR, SHAURYA:raremystery"]
[Black "LEONG, ANSON:CaptainAL13"]
[Result "1-0"]
[ICCResult "Black checkmated"]
[WhiteElo "1682"]
[BlackElo "1381"]
[Opening "Giuoco Piano"]
[ECO "C50"]
[NIC "IG.02"]
[Time "11:07:28"]
[PlyCount "159"]
[TimeControl "2400+10"]

1. e4 e5 2. Nf3 Nc6 3. Bc4 Bc5 4. O-O Nf6 5. d3 h6 6. c3 d6 7. a4 a5 8. Nbd2
Bg4 9. Qb3 O-O 10. Qxb7 Ne7 11. Qb3 Ng6 12. h3 Bxf3 13. Nxf3 Nh5 14. d4 exd4
15. cxd4 Bb4 16. Be3 Nf6 17. e5 d5 18. exf6 dxc4 19. Qxc4 Qxf6 20. Qxc7 Nh4
21. Nxh4 Qxh4 22. Qf4 Qe7 23. Rfd1 Rfd8 24. d5 Bd6 25. Qf3 Be5 26. Bd4 Bxd4
27. Rxd4 Qe5 28. Rad1 Rd6 29. b3 Rad8 30. Re4 Qg5 31. h4 Qg6 32. Re7 Rf6 33.
Qe2 Kh7 34. h5 Qf5 35. Re5 Qf4 36. Qc2+ g6 37. hxg6+ Rxg6 38. Rf5 Qg4 39. f3
Qg3 40. Rxf7+ Kg8 41. Rc7 Rxd5 42. Rc8+ Kh7 43. Qc7+ Rg7 44. Qxg3 Rxd1+ 45.
Kh2 Rh1+ 46. Kxh1 Rxg3 47. Rc5 Rg5 48. Rb5 Kg6 49. Kg1 Kf6 50. Rb6+ Kg7 51.
Kf2 Rc5 52. Rb5 Rg5 53. g4 Kf6 54. Ke3 Ke6 55. Rxg5 hxg5 56. Ke4 Kd6 57. Kf5
Kc5 58. Kxg5 Kb4 59. f4 Kxb3 60. f5 Kxa4 61. f6 Kb3 62. f7 a4 63. f8=Q a3
64. Qxa3+ Kxa3 65. Kf6 Kb4 66. g5 Kc5 67. g6 Kd6 68. g7 Kd7 69. g8=Q Kd6 70.
Qe8 Kd5 71. Qe7 Kd4 72. Qe6 Kc3 73. Qd5 Kb2 74. Qc4 Kb1 75. Qc3 Ka2 76. Qb4
Ka1 77. Ke5 Ka2 78. Kd4 Ka1 79. Kc3 Ka2 80. Qb2# {Black checkmated} 1-0

[Event "ICC tourney 2809 (40 10)"]
[Site "Internet Chess Club"]
[Date "2022.01.29"]
[Round "1"]
[White "GEVORGYAN, DAVIT:Davo29"]
[Black "WU, ISAAC MENGYUAN:IsaacMengyuanWu"]
[Result "1/2-1/2"]
[ICCResult "Game drawn by repetition"]
[WhiteElo "1761"]
[BlackElo "1449"]
[Opening "French: Fort Knox variation"]
[ECO "C03"]
[NIC "FR.07"]
[Time "11:00:48"]
[PlyCount "162"]
[TimeControl "2400+10"]

1. e4 e6 2. d4 d5 3. Nd2 dxe4 4. Nxe4 Bd7 5. Nf3 Bc6 6. Bd3 Nd7 7. Qe2 Be7
8. c3 Ngf6 9. Bf4 O-O 10. O-O-O Nxe4 11. Bxe4 Bxe4 12. Qxe4 c6 13. Ne5 Bg5
14. Nxd7 Bxf4+ 15. Qxf4 Qxd7 16. g4 a5 17. Qe5 Qd5 18. Qxd5 exd5 19. Rde1
Rfe8 20. Kd2 Kf8 21. Re5 Rxe5 22. dxe5 Re8 23. f4 g5 24. Ke3 f6 25. Rf1
gxf4+ 26. Rxf4 Rxe5+ 27. Kd4 Ke7 28. Kc5 Ke6 29. Kb6 Re4 30. Rf2 Rxg4 31.
Kxb7 Rc4 32. Re2+ Kf5 33. Kc7 Kg4 34. Kd6 f5 35. b3 Rxc3 36. Ke5 f4 37. Kd4
Rh3 38. Rc2 Rh6 39. Ke5 f3 40. Rf2 Rh5+ 41. Kd4 Kf4 42. Rc2 Rh6 43. a3 Re6
44. b4 axb4 45. axb4 Re4+ 46. Kd3 Re3+ 47. Kd4 Re2 48. Rxc6 f2 49. Rf6+ Kg4
50. Kd3 Rb2 51. Kc3 Ra2 52. b5 d4+ 53. Kxd4 Kh3 54. Rf7 Ra4+ 55. Ke3 Rb4 56.
Kxf2 Rxb5 57. Rxh7+ Kg4 58. h3+ Kf4 59. Rh4+ Kg5 60. Rg4+ Kh6 61. Re4 Rb2+
62. Kg3 Rb3+ 63. Kg4 Rb8 64. Re6+ Kh7 65. h4 Rb4+ 66. Kg5 Rb5+ 67. Kf4 Rb4+
68. Kg5 Rb5+ 69. Kf6 Rh5 70. Re7+ Kh6 71. Re8 Kh7 72. Re7+ Kh6 73. Re4 Ra5
74. Re8 Ra6+ 75. Kf5 Ra5+ 76. Kg4 Ra4+ 77. Kf5 Ra5+ 78. Kf6 Ra6+ 79. Kf7
Ra7+ 80. Kf6 Ra6+ 81. Kf5 Ra5+ {Game drawn by repetition} 1/2-1/2

[Event "ICC tourney 2809 (40 10)"]
[Site "Internet Chess Club"]
[Date "2022.01.29"]
[Round "1"]
[White "S.M, UMER:uncrackable"]
[Black "Liao, Connor:che2468"]
[Result "1-0"]
[ICCResult "Black forfeits on time"]
[WhiteElo "1794"]
[BlackElo "1511"]
[Opening "Mieses opening"]
[ECO "A00"]
[NIC "VO.13"]
[Time "11:01:37"]
[PlyCount "121"]
[TimeControl "2400+10"]

1. d3 d5 2. g3 Nf6 3. Bg2 e6 4. Nd2 Bd6 5. e4 c6 6. f4 dxe4 7. dxe4 Bc5 8.
Nb3 Qxd1+ 9. Kxd1 Bb6 10. Ke2 Nbd7 11. Be3 Bxe3 12. Kxe3 Nb6 13. Na5 Ke7 14.
Nf3 Na4 15. b3 Nc5 16. Ne5 Ncd7 17. Nd3 Kd8 18. Rad1 Kc7 19. c4 Ng4+ 20. Ke2
Nb8 21. c5 b6 22. Nc4 Nd7 23. h3 Ngf6 24. b4 Ba6 25. Rc1 Bxc4 26. Rxc4 b5
27. Rc2 a5 28. a3 axb4 29. axb4 Ra3 30. Rd1 Rha8 31. g4 R8a4 32. Bf3 Ne8 33.
Rcd2 Ra2 34. Nb2 Rxb4 35. Rxd7+ Kc8 36. Rd8+ Kb7 37. Rxe8 Rbxb2+ 38. Ke3
Ra3+ 39. Rd3 Rxd3+ 40. Kxd3 Rb3+ 41. Ke2 b4 42. Re7+ Ka6 43. Rxf7 Rb2+ 44.
Ke1 b3 45. Rc7 Kb5 46. e5 Kxc5 47. Rxc6+ Kd4 48. f5 Ke3 49. Bd1 Rh2 50. Rc3+
Kd4 51. Rxb3 Rh1+ 52. Kd2 Rh2+ 53. Be2 Kxe5 54. Re3+ Kf6 55. fxe6 Ke7 56.
Kc3 Rh1 57. Bc4 Rc1+ 58. Kd4 Rd1+ 59. Ke5 Rc1 60. Bd5 Rd1 61. Rb3
{Black forfeits on time}
1-0

[Event "ICC tourney 2809 (40 10)"]
[Site "Internet Chess Club"]
[Date "2022.01.29"]
[Round "1"]
[White "GHOSH, PRARTHAN:playerlucky"]
[Black "Gyorgy, Zalan:z88"]
[Result "1-0"]
[ICCResult "Black resigns"]
[WhiteElo "1863"]
[BlackElo "1586"]
[Opening "Queen's bishop game"]
[ECO "D02"]
[NIC "QP.08"]
[Time "11:00:46"]
[PlyCount "89"]
[TimeControl "2400+10"]

1. d4 d5 2. Nf3 Nf6 3. Bf4 c6 4. e3 Bf5 5. c4 e6 6. Qb3 Qc8 7. Nc3 Be7 8.
Be2 O-O 9. O-O Nbd7 10. Rac1 h6 11. Ne5 Bd6 12. cxd5 exd5 13. Na4 Bxe5 14.
dxe5 Ne4 15. Rfd1 g5 16. Bg3 Nxg3 17. hxg3 Nxe5 18. Qb4 Qd7 19. b3 Ng4 20.
Nc5 Qc8 21. Qxb7 Qxb7 22. Nxb7 Ne5 23. Nc5 Rab8 24. Nd3 Nxd3 25. Bxd3 Bxd3
26. Rxd3 Rfc8 27. Rdc3 Rb6 28. Rc5 Kf8 29. Rxd5 Ke7 30. Rdc5 Kd6 31. R5c4 c5
32. Kf1 Ra6 33. R1c2 Rac6 34. Ke2 Ke5 35. b4 Kd5 36. e4+ Ke5 37. Rxc5+ Rxc5
38. Rxc5+ Rxc5 39. bxc5 Ke6 40. Ke3 Kd7 41. Kd4 Kc6 42. f4 gxf4 43. gxf4 f6
44. e5 f5 45. e6 {Black resigns} 1-0

[Event "ICC tourney 2809 (40 10)"]
[Site "Internet Chess Club"]
[Date "2022.01.29"]
[Round "1"]
[White "REDDY, TANVI CHINTHAGUNTA:tcrgm"]
[Black "Vishwa, Susheel:sushivishwa"]
[Result "0-1"]
[ICCResult "White resigns"]
[WhiteElo "1537"]
[BlackElo "1796"]
[Opening "Giuoco Piano"]
[ECO "C54"]
[NIC "IG.02"]
[Time "11:00:56"]
[PlyCount "64"]
[TimeControl "2400+10"]

1. e4 e5 2. Nf3 Nc6 3. Bc4 Bc5 4. c3 Nf6 5. d4 exd4 6. cxd4 Bb4+ 7. Bd2
Bxd2+ 8. Nbxd2 d5 9. exd5 Nxd5 10. Nb3 O-O 11. O-O Nb6 12. Be2 Ne7 13. Rc1
Ned5 14. Qd2 c6 15. Nc5 Qf6 16. Ne4 Qf4 17. Qxf4 Nxf4 18. Rc2 Bf5 19. Nfg5
h6 20. Rd2 Nxe2+ 21. Rxe2 hxg5 22. Rd1 Bxe4 23. Rxe4 Rfe8 24. Rg4 Re2 25.
Rxg5 Rae8 26. Rf1 Rxb2 27. Ra5 a6 28. g3 Ree2 29. Ra3 Rxa2 30. Rb3 Rab2 31.
Rf3 Nd5 32. Kg2 Ne3+ {White resigns} 0-1

[Event "ICC tourney 2809 (40 10)"]
[Site "Internet Chess Club"]
[Date "2022.01.29"]
[Round "1"]
[White "YUAN, ETHAN:Knighthhhh"]
[Black "GINZBURG, LIORA:Liopleuradon15"]
[Result "0-1"]
[ICCResult "White checkmated"]
[WhiteElo "1260"]
[BlackElo "1656"]
[Opening "Ruy Lopez: old Steinitz defense"]
[ECO "C62"]
[NIC "RL.02"]
[Time "11:00:47"]
[PlyCount "108"]
[TimeControl "2400+10"]

1. e4 e5 2. Nf3 Nc6 3. Bb5 d6 4. d4 exd4 5. Nxd4 Bd7 6. Nxc6 bxc6 7. Bd3 Nf6
8. O-O Be7 9. Nc3 O-O 10. Bf4 d5 11. e5 Ne8 12. Qh5 g6 13. Qf3 Ng7 14. Bh6
f6 15. Qe3 fxe5 16. Qxe5 Bf6 17. Qg3 Nh5 18. Qf3 Bg7 19. Qe3 Bxh6 20. Qxh6
Nf4 21. Rad1 Bg4 22. f3 Bh5 23. g4 Qh4 24. gxh5 Nh3+ 25. Kg2 Ng5 26. Be2 Rf4
27. Rg1 Nf7 28. Qxf4 Qxf4 29. hxg6 hxg6 30. Kf2 Qh4+ 31. Kg2 Ne5 32. Kh1 Rf8
33. Rdf1 Rf4 34. Nb1 Kf7 35. Nd2 Ke7 36. Rg3 g5 37. Rfg1 Nf7 38. Rg4 Rxg4
39. Rxg4 Qe1+ 40. Rg1 Qxe2 41. Nb3 Qxf3+ 42. Rg2 Qd1+ 43. Rg1 Qxc2 44. Re1+
Kd6 45. Nd4 Qxb2 46. Re6+ Kd7 47. Rf6 Qxd4 48. Rxf7+ Kd6 49. Rf1 Qb2 50. Rg1
Qxa2 51. Rxg5 Qb1+ 52. Rg1 Qe4+ 53. Rg2 a5 54. Kg1 Qe1# {White checkmated}
0-1

[Event "ICC tourney 2809 (40 10)"]
[Site "Internet Chess Club"]
[Date "2022.01.29"]
[Round "1"]
[White "SHANKAR, AASHRITHA VIDHYA:aashushankar"]
[Black "ANNAGELDIYEV, ASHYR:Ashyr"]
[Result "0-1"]
[ICCResult "White checkmated"]
[WhiteElo "1403"]
[BlackElo "1712"]
[Opening "Sicilian: Canal-Sokolsky attack, 3...Bd7"]
[ECO "B52"]
[NIC "SI.01"]
[Time "11:01:10"]
[PlyCount "176"]
[TimeControl "2400+10"]

1. e4 c5 2. Nf3 d6 3. Bb5+ Bd7 4. Bxd7+ Nxd7 5. d4 Ngf6 6. Nc3 cxd4 7. Nxd4
e6 8. Ndb5 Nc5 9. f3 a6 10. Nd4 Be7 11. Be3 O-O 12. O-O Rc8 13. Bf2 b5 14.
a3 g6 15. Re1 e5 16. Nde2 Nfd7 17. Nd5 f5 18. Nec3 Ne6 19. Qd2 Bg5 20. Qd1
Kg7 21. b4 Nb8 22. Nb6 Rc6 23. Nbd5 Nd7 24. g3 Qc8 25. h4 Bd8 26. Qd2 Nb6
27. Bxb6 Bxb6+ 28. Nxb6 Rxb6 29. Nd5 Rb7 30. c3 Qc6 31. Rac1 Nc7 32. Nxc7
Rxc7 33. Qe3 f4 34. gxf4 Rxf4 35. Qf2 Rcf7 36. Re3 Qd7 37. Kg2 Qe7 38. Rh1
Qe6 39. Qd2 Qf6 40. Qf2 d5 41. exd5 e4 42. Rh3 Qe5 43. Qe2 exf3+ 44. Rhxf3
Qxd5 45. Kg3 Qf5 46. Rxf4 Qxf4+ 47. Kh3 Kh6 48. Rg3 Qf1+ 49. Qxf1 Rxf1 50.
Kg4 Ra1 51. Rh3 Rxa3 52. h5 Ra1 53. hxg6+ Kxg6 54. Rf3 h5+ 55. Kg3 Rg1+ 56.
Kf2 Rg4 57. Rh3 Kg5 58. Kf3 h4 59. Kf2 Rc4 60. Kg2 Kg4 61. Kh2 Re4 62. Rd3
Re2+ 63. Kg1 Kf4 64. Kf1 Re3 65. Rd4+ Kg3 66. Rd6 Rxc3 67. Rxa6 Rb3 68. Rg6+
Kh3 69. Rf6 Rxb4 70. Ke2 Rb3 71. Rf4 Kg3 72. Re4 b4 73. Rd4 h3 74. Rd6 Kg2
75. Rg6+ Rg3 76. Rh6 h2 77. Kd2 h1=Q 78. Rxh1 Kxh1 79. Kc2 Kg2 80. Kb2 Rc3
81. Kb1 Kf3 82. Kb2 Ke3 83. Kb1 Kd3 84. Kb2 b3 85. Kb1 Rc2 86. Ka1 Kd2 87.
Kb1 Kc3 88. Ka1 Rc1# {White checkmated} 0-1

[Event "ICC tourney 2809 (40 10)"]
[Site "Internet Chess Club"]
[Date "2022.01.29"]
[Round "1"]
[White "DALONZO, JONATHAN:JDD01"]
[Black "ANGELCHIK, JACOB:t105mm"]
[Result "1-0"]
[ICCResult "Black resigns"]
[WhiteElo "1649"]
[BlackElo "1216"]
[Opening "Pirc: Ufimtsev-Pytel variation"]
[ECO "B07"]
[NIC "PU.08"]
[Time "11:00:46"]
[PlyCount "115"]
[TimeControl "2400+10"]

1. e4 d6 2. d4 Nf6 3. Nc3 c6 4. Nf3 Bg4 5. Be2 b5 6. a3 Nbd7 7. h3 Bh5 8.
Bf4 Bxf3 9. Bxf3 e5 10. Be3 a5 11. d5 cxd5 12. Nxd5 Nxd5 13. Qxd5 Rb8 14.
Bh5 g6 15. Bg4 Qc7 16. Bg5 Bg7 17. Bxd7+ Qxd7 18. Rd1 h6 19. Be3 O-O 20.
Qxd6 Qxd6 21. Rxd6 b4 22. O-O bxa3 23. bxa3 Rfc8 24. Ra6 Rb5 25. Rc1 Bf8 26.
c4 Rb3 27. Rxa5 Bxa3 28. Rc2 Bb2 29. Bxh6 Bc3 30. Ra4 Rd8 31. c5 Rc8 32. Rc4
Bd4 33. c6 Kh7 34. Bd2 Kg7 35. Kf1 Kf6 36. f4 Rd3 37. Bc3 Rxc3 38. R2xc3
Bxc3 39. Rxc3 exf4 40. Kf2 Ke6 41. Kf3 g5 42. Kg4 f6 43. c7 Ke5 44. Rc4 Ke6
45. h4 gxh4 46. Kxh4 f5 47. Kg5 Ke5 48. exf5 Rg8+ 49. Kh6 Rc8 50. Kg6 Rg8+
51. Kf7 Rc8 52. f6 Kd6 53. Kg7 Ke6 54. f7 Ke7 55. Re4+ Kd7 56. f8=Q Rxf8 57.
Kxf8 Kxc7 58. Rxf4 {Black resigns} 1-0

[Event "ICC tourney 2809 (40 10)"]
[Site "Internet Chess Club"]
[Date "2022.01.29"]
[Round "1"]
[White "SZERENCSY, IAN:iszerencsy"]
[Black "ZHUGE, KATHERINE:FlowingMelody"]
[Result "1-0"]
[ICCResult "Black resigns"]
[WhiteElo "1733"]
[BlackElo "1410"]
[Opening "English opening: Agincourt variation"]
[ECO "A13"]
[NIC "EO.64"]
[Time "11:00:44"]
[PlyCount "143"]
[TimeControl "2400+10"]

1. c4 e6 2. Nf3 d5 3. e3 Be7 4. d4 Nf6 5. Nc3 O-O 6. Bd3 c5 7. O-O Nc6 8. a3
dxc4 9. Bxc4 b6 10. Qa4 Bb7 11. Rd1 cxd4 12. exd4 a6 13. d5 exd5 14. Nxd5
Nxd5 15. Bxd5 Qc8 16. Be3 b5 17. Qe4 Bf6 18. Bg5 Qe8 19. Bxf6 Qxe4 20. Bxe4
gxf6 21. Rac1 Na5 22. Bf5 Bxf3 23. gxf3 Rfd8 24. Kh1 Rxd1+ 25. Rxd1 Nc4 26.
Be4 Ra7 27. h4 Nxb2 28. Rd6 Nc4 29. Rd3 Kg7 30. h5 h6 31. f4 Rc7 32. Rg3+
Kh8 33. Rd3 Kg8 34. Rc3 Ra7 35. Bd3 Rc7 36. Kh2 Rc8 37. Kg3 Nd6 38. Rb3 Kf8
39. Kg4 Rc5 40. f3 Ke7 41. f5 Rc6 42. Kf4 Nc4 43. Be4 Rc5 44. Rc3 Kd6 45.
Rd3+ Ke7 46. Rc3 Kd6 47. Rd3+ Kc7 48. Rc3 Kb6 49. Rd3 Rc7 50. Ba8 a5 51. Rd8
Nxa3 52. Rd6+ Kc5 53. Rxf6 b4 54. Ra6 Kb5 55. Rxh6 b3 56. Rh8 Kb4 57. Rb8+
Nb5 58. Be4 Rc4 59. h6 b2 60. h7 Rxe4+ 61. fxe4 b1=Q 62. h8=Q Qf1+ 63. Kg5
Qg2+ 64. Kf6 Qb2+ 65. Kxf7 Qb3+ 66. Kf6 Qc3+ 67. e5 Qc6+ 68. e6 a4 69. Qf8+
Kb3 70. Qc8 Qd5 71. Qd7 Qc5 72. Rxb5+ {Black resigns} 1-0

[Event "ICC tourney 2809 (40 10)"]
[Site "Internet Chess Club"]
[Date "2022.01.29"]
[Round "1"]
[White "WANG, JACOB S:JACOBCHESS857"]
[Black "BONNELL, LEO W:bonnelleo1"]
[Result "0-1"]
[ICCResult "White resigns"]
[WhiteElo "1385"]
[BlackElo "1696"]
[Opening "French: advance variation"]
[ECO "C02"]
[NIC "FR.03"]
[Time "11:00:51"]
[PlyCount "137"]
[TimeControl "2400+10"]

1. e4 e6 2. d4 d5 3. e5 b6 4. Nf3 Ne7 5. Bd3 Ba6 6. O-O Qd7 7. b3 Bxd3 8.
Qxd3 c5 9. Bb2 Nbc6 10. Rd1 Nf5 11. c4 Nb4 12. Qc3 Rd8 13. a3 cxd4 14. Nxd4
Nxd4 15. Rxd4 Nc6 16. Rd3 d4 17. Qe1 Qc7 18. Nd2 Nxe5 19. Rxd4 Rxd4 20. Bxd4
Ng4 21. Nf3 Bc5 22. Rd1 O-O 23. Qe4 Bxd4 24. Rxd4 Nf6 25. Qe5 Qe7 26. Qd6
Qb7 27. Ne5 h6 28. Nc6 Re8 29. f3 Qa6 30. a4 Qb7 31. Kf2 a5 32. Ne5 Rc8 33.
Nd3 Rc7 34. Qd8+ Kh7 35. Ne5 Re7 36. Qf8 Qc7 37. Rd8 Qc5+ 38. Kf1 Qxe5 39.
Qxe7 Qa1+ 40. Kf2 Qb2+ 41. Kf1 Qc1+ 42. Kf2 Qb2+ 43. Kf1 Qc1+ 44. Ke2 Qb2+
45. Rd2 Qxb3 46. Qc7 Qxa4 47. Qxb6 Qxc4+ 48. Ke1 Nd5 49. Qxa5 Qh4+ 50. Kf1
Qxh2 51. Rxd5 exd5 52. Qxd5 Qh1+ 53. Kf2 Qh4+ 54. Ke2 Qf6 55. Qe4+ g6 56.
Kf2 h5 57. Qe8 Qb6+ 58. Kf1 Qb1+ 59. Kf2 Qc2+ 60. Kg1 Qc5+ 61. Kh1 Qf5 62.
Kg1 g5 63. Kf2 g4 64. Qe3 h4 65. Ke1 Qb1+ 66. Ke2 Qc2+ 67. Kf1 Qd1+ 68. Qe1
Qxe1+ 69. Kxe1 {White resigns} 0-1